 Seeded DCSS version 0.29-a0-359-g541a27f54d (webtiles) character file.

Game seed: 2364543799250634364 (custom seed)

51 zeratav the Shooter (level 3, 0/21 HPs)
             Began as a Tengu Hunter on Apr 27, 2022.
             Slain by an orc
             ... wielding a +0 short sword
              (5 damage)
             ... on level 3 of the Dungeon.
             The game lasted 00:02:20 (1319 turns).

zeratav the Shooter (Tengu Hunter)                  Turns: 1319, Time: 00:02:21

Health: 0/21       AC:  3    Str: 17    XL:     3   Next: 83%
Magic:  4/4        EV: 12    Int:  9    God:
Gold:   86         SH:  0    Dex: 19    Spells: 2/2 levels left

rFire   . . .      SeeInvis .   a - +1 shortbow {bow}
rCold   . . .      Faith    .   (shield currently unavailable)
rNeg    . . .      Spirit   .   b - +0 leather armour
rPois   .          Reflect  .   (helmet restricted)
rElec   .          Harm     .   (no cloak)
rCorr   .          Rampage  .   (no gloves)
Will    .....                   (boots unavailable)
Stlth   ++........              s - amulet of the acrobat
HPRegen 0.07/turn               j - +6 ring of strength
MPRegen 0.09/turn               (no ring)

@: studying Bows
A: beak, talons 3
a: no special abilities


You were on level 3 of the Dungeon.
You visited 1 branch of the dungeon, and saw 3 of its levels.

You collected 86 gold pieces.


Innate Abilities, Weirdness & Mutations

You have a beak for a mouth.
You have claws for feet.


   Skills:
 - Level 2.0 Fighting
 + Level 6.5 Bows
 - Level 2.1 Dodging
 - Level 1.0 Stealth


You had 2 spell levels left.
You didn't know any spells.
Your spell library was empty.

Inventory:

Hand Weapons
 a - a +1 shortbow (weapon) {bow}
 d - a +0 dagger of flaming {short}
   (You took it off a kobold on level 1 of the Dungeon)
 n - a +1 dagger of venom {short}
   (You took it off a goblin on level 2 of the Dungeon)
 q - a +0 longbow {bow}
   (You found it on level 2 of the Dungeon)
Armour
 b - a +0 leather armour (worn)
 f - a +0 chain mail
   (You found it on level 1 of the Dungeon)
Jewellery
 e - a ring of wizardry
   (You found it on level 1 of the Dungeon)
 j - a +6 ring of strength (left hand)
   (You found it on level 2 of the Dungeon)
 s - an amulet of the acrobat (around neck)
   (You found it on level 2 of the Dungeon)
Scrolls
 c - 2 scrolls of immolation {!r!r}
 g - 5 scrolls of identify {unknown}
 h - a scroll of vulnerability {unknown}
 i - a scroll of fear {unknown}
 r - a scroll of enchant weapon {unknown}
Potions
 k - 2 potions of curing {unknown}
 l - a potion of haste {unknown}
 m - a potion of ambrosia {unknown}
 o - a potion of brilliance {unknown}
 p - a potion of invisibility {unknown}

Dungeon Overview and Level Annotations

Branches:
Dungeon (3/15)

Altars:
Wu Jian

#.#.#+# +##
#.#.#. >...
.....
....###...# .
..........# ...
..........#oo..
.......Ko..o...
#..o@..#
#.o.rg.#
..........#
..........#
...o....###
S...o...#
........#
$.....###


You could see 4 orc wizards, an adder (wandering), 4 orcs, a goblin, a kobold
and a rat.


Message History

No target in view!
No target in view!
No target in view!
No target in view!
No target in view!
No target in view!
You see here a staff of fire {staff}.
An endoplasm comes into view.
An endoplasm is nearby!
You shoot an arrow. The endoplasm quivers.
The arrow hits the endoplasm!
You kill the endoplasm!
No target in view!
No target in view!
No target in view!
Found a stone staircase leading down.
s - an amulet of the acrobat No target in view!
There is a stone staircase leading down here.
g - 5 scrolls labelled PUUKHLIFU WUPN (gained 1)
There is a stone staircase leading down here.
You see here a staff of fire {staff}.
Found an ornate altar of the Wu Jian Council.
Found a faded altar of an unknown god.
No target in view!
There is a faded altar of an unknown god here.
Done exploring.
Done exploring.
Done exploring.
You start putting on your amulet.
You continue putting on your amulet of the acrobat. x5
You finish putting on your amulet of the acrobat.
You feel ready to tumble and roll out of harm's way.
s - an amulet of the acrobat (around neck)
You feel stronger.
j - a +6 ring of strength (left hand) Done exploring.
(D) Dungeon
Where to? (Enter - D:2, ? - help)
There is a stone staircase leading down here.
You climb downwards.
The goblin shouts!
The kobold shouts!
You hear a shout! x3
Found 10 gold pieces.
Found a stone staircase leading down.
There is a stone staircase leading up here.
There are monsters nearby!
You shoot an arrow. The endoplasm quivers.
The arrow hits the endoplasm.
The orc wizard shouts!
An orc comes into view. It is wielding a +0 short sword.
The kobold throws a stone.
The stone closely misses you.
You shoot an arrow.
The arrow hits the endoplasm but does no damage.
An orc wizard comes into view. It is wielding a +0 dagger.
The orc wizard casts a spell.
The orc wizard flickers and vanishes!
Deactivating autopickup; reactivate with Ctrl-A.
An orc wizard comes into view. It is wielding a +0 dagger.
You shoot an arrow. The orc wizard shouts! x2
The arrow hits the endoplasm!
You kill the endoplasm!
You hear a shout!
A rat comes into view.
You shoot an arrow. The arrow barely misses the orc.
You are confused.
The orc wizard casts a spell at you.
The magic dart hits something!
You are too confused!
You climb upwards.
Reactivating autopickup.
There is a stone staircase leading down here.
You start waiting.
You feel less confused.
Done waiting.
Unknown command.
You climb downwards.
The orc wizard shouts!
The orc shouts!
The orc hits you with a +0 short sword. The goblin hits you with a +0 club.
An orc comes into view. It is wielding a +0 flail.
The kobold barely misses you. The rat bites you but does no damage.
The orc hits you but does no damage. The orc wizard casts a spell at you.
You resist with significant effort. The orc misses you.
The rat bites you but does no damage. The orc barely misses you.
The orc wizard gestures at you while chanting.
You resist with significant effort. The goblin barely misses you.
The kobold closely misses you.
The orc moves out of view.
There is a stone staircase leading up here.
HP[-7]
You take 7 damage, and now have 14/21 hp.
MASSIVE DAMAGE!! (PAUSE)
The orc wizard points at you and mumbles some strange words.
The magic dart hits you!
* * * LOW HITPOINT WARNING * * *
The rat bites you.
* * * LOW HITPOINT WARNING * * *
The orc hits you with a +0 short sword.
You die...

Skill      XL: |  1  2  3 |
---------------+----------+-----
Bows           | 5 6 |  6.5
Fighting       | |  2.0
Dodging        | |  2.1
Stealth        | |  1.0

Action                   || total
-------------------------++-------
 Fire: Shortbow          ||    88
  Use: Scroll            ||     1
Armor: Leather armour    ||     7
Dodge: Dodged            ||    20

Levels and vault maps discovered:
D:1:      lemuel_arrival_hallway, layout_loops_ring,
          corexii_item_surrounded_by_moat
D:2:      layout_basic, basic_altar, chequers_ecumenical_altar_grove
D:3:      layout_basic

Notes
Turn   | Place    | Note
-------+----------+-------------------------------------------
     0 | D:1      | zeratav the Tengu Hunter began the quest for the Orb.
     0 | D:1      | Reached XP level 1. HP: 12/12 MP: 2/2
     0 | D:1      | magus.rc [v1.9.6]
   123 | D:1      | Reached XP level 2. HP: 17/17 MP: 3/3
   148 | D:1      | Reached skill level 5 in Bows
   224 | D:1      | Identified a scroll of acquirement
   224 | D:1      | Acquired a manual of Bows
   304 | D:1      | Reached XP level 3. HP: 21/21 MP: 4/4
   734 | D:2      | Reached skill level 6 in Bows
  1134 | D:2      | Found an ornate altar of the Wu Jian Council.
  1177 | D:2      | Found a faded altar of an unknown god.
  1319 | D:3      | HP: 5/21 [rat (2)]
  1319 | D:3      | Slain by an orc

Vanquished Creatures
  A worm (D:2)
  A dart slug (D:1)
  4 bats
  7 endoplasms
  2 giant cockroaches (D:1)
  5 goblins
  3 hobgoblins
  3 jackals (D:1)
  4 ball pythons
  2 frilled lizards (D:1)
  5 kobolds
  3 rats
40 creatures vanquished.

Table legend:
 A = Non-vault XP
 B = Vault XP
 C = Vault XP percentage of total XP
 D = Non-vault monster count
 E = Vault monster count
 F = Vault count percentage of total count
                 A         B        C        D         E       F
            +---------+---------+-------+---------+---------+-------
      Total |      74 |       0 |   0.0 |      40 |       0 |   0.0
            +---------+---------+-------+---------+---------+-------
        D:1 |      39 |       0 |   0.0 |      23 |       0 |   0.0
        D:2 |      33 |       0 |   0.0 |      16 |       0 |   0.0
        D:3 |       2 |       0 |   0.0 |       1 |       0 |   0.0
            +---------+---------+-------+---------+---------+-------

Illustrated notes

Table legend:
 A = Kills in this place as a percentage of kills in entire the game.
 B = Kills by you in this place as a percentage of kills by you in the entire game.
 C = Kills by friends in this place as a percentage of kills by friends in the entire game.
 D = Other kills in this place as a percentage of other kills in the entire game.
 E = Experience gained in this place as a percentage of experience gained in the entire game.
 F = Experience gained in this place divided by the number of levels of this place that you have seen.
                   A       B       C       D       E      F
               +-------+-------+-------+-------+-------+----------------------
         Total | 100.0 | 100.0 |   N/A |   N/A | 100.0 |  24.7
       Dungeon | 100.0 | 100.0 |   N/A |   N/A | 100.0 |  24.7
               +-------+-------+-------+-------+-------+----------------------

Table legend: (Time is in decaauts)
 A = Elapsed time spent in this place.
 B = Non-inter-level travel time spent in this place.
 C = Inter-level travel time spent in this place.
 D = Time resting spent in this place.
 E = Time spent auto-exploring this place.
 F = Levels seen in this place.
 G = Mean time per level.
                   A        B        C        D        E       F      G
               +--------+--------+--------+--------+--------+-----+--------+
         Total |   1341 |   1316 |     25 |    100 |   1021 |   3 |  447.0 |
       Dungeon |   1341 |   1316 |     25 |    100 |   1021 |   3 |  447.0 |
               +--------+--------+--------+--------+--------+-----+--------+

Top non-repeatable levels by time:
     D:2: 747 daAuts
     D:1: 586 daAuts
     D:3: 7 daAuts
